 Dungeon Crawl Stone Soup version 0.31-a0-743-g45f7035092 (webtiles) character file.

Game seed: 12997983766504987393

5 Bravepunisher the Ducker (level 1, -10/11 HPs)
             Began as a Spriggan Monk on Sept 13, 2023.
             Mangled by an ogre
             ... wielding a +0 giant spiked club
              (21 damage)
             ... on level 4 of the Dungeon.
             The game lasted 00:02:13 (395 turns).

Bravepunisher the Ducker (Spriggan Monk)             Turns: 395, Time: 00:02:14

Health: -10/11     AC:  2    Str:  7    XL:     1   Next: 66%
Magic:  2/2        EV: 19    Int: 11    God:
Gold:   6          SH:  0    Dex: 17    Spells: 0/0 levels left

rFire   . . .        a - +0 short sword
rCold   . . .        d - orb {light}
rNeg    . . .        b - +0 robe
rPois   .            (helmet restricted)
rElec   .            (no cloak)
rCorr   .            (gloves unavailable)
SInv    +            (boots unavailable)
Will    .....        (no amulet)
Stlth   +            (no ring)
HPRegen 0.21/turn    (no ring)
MPRegen 0.08/turn

%: no passive effects
@: glowing, very quick
A: very small, no large weapons, unfitting armour, see invisible, speed 3
a: no special abilities


You were on level 4 of the Dungeon.
You visited 1 branch of the dungeon, and saw 4 of its levels.

You collected 6 gold pieces.

Inventory:

Hand Weapons
 a - a +0 short sword (weapon)
Armour
 b - a +0 robe (worn)
 d - an orb of light (worn)
Scrolls
 e - a scroll of identify {unknown}
Potions
 c - a potion of ambrosia


   Skills:
 + Level 2.5 Fighting
 - Level 3.2 Short Blades
 * Level 4.3 Dodging


You couldn't memorise any spells.
You didn't know any spells.
Your spell library was empty.

Dungeon Overview and Level Annotations

Branches:
Dungeon (4/15)
 Temple: D:4-7

Altars:

Shops:
D:1 (


Innate Abilities, Weirdness & Mutations

You are very small and have problems with some larger weapons.
You are too small for most types of armour.
You have supernaturally acute eyesight. (SInv)
You cover ground extremely quickly. (Speed+++)


Message History

A bat comes into view.
Found a stone.
The bat closely misses you. The bat barely misses you.
You closely miss the bat. The bat misses you.
The bat hits you but does no damage. The bat hits you but does no damage.
You hit the bat.
You kill the bat!
An adder comes into view.
The adder hisses angrily.
A rat comes into view.
The adder moves out of view.
Found a leather armour.
Found a scroll labelled SOREIM XIMAH.
Found a book of Spatial Translocations.
You see here a +0 leather armour.
An adder comes into view.
The adder hisses angrily.
Found a stone staircase leading down.
There is a stone staircase leading down here.
You climb downwards.
There is a stone staircase leading up here.
You open the large door.
Found 91 gold pieces.
An ogre comes into view. It is wielding a +0 giant spiked club.
The ogre shouts!
There is a large open door here.
You open the door.
There is an open door here.
You open the door.
A kobold comes into view.
It is wielding a +0 dagger and quivering poisoned darts.
The kobold throws a poisoned dart.
The poisoned dart misses you.
Found 64 gold pieces.
You open the door.
Found 49 gold pieces.
The ogre attacks as it pursues you!
The ogre hits you with a +0 giant spiked club!!
Ouch! That really hurt!
You die...

#+ ... #+##### $.$.
#...... .#.#.
#...$..########.$.#.$
#.$##..@O.....'..#.#.
#..##$.####'####..$K.
#..$... ##....## ..#
#...... ##......## #
#######
#..#$$#..#######
#..$##$..#......
#..$##$..#.#####
#..#$$#..#.#
##......##.#


You could see an ogre.

Vanquished Creatures
  An endoplasm (D:3)
  A goblin (D:3)
  3 bats
5 creatures vanquished.

Notes
Turn   | Place    | Note
-------+----------+-------------------------------------------
     0 | D:1      | Bravepunisher the Spriggan Monk began the quest for the
                  | Orb.
     0 | D:1      | Reached XP level 1. HP: 11/11 MP: 2/2
    48 | D:1      | Found Ablumer's Antique Weapon Emporium.
   375 | D:4      | Noticed an ogre
   395 | D:4      | Mangled by an ogre

Illustrated notes

Levels and vault maps discovered:
D:1:      dpeg_arrival_boxes_within_box, layout_basic, serial_shops, shop, shop,
          shop, shop, nicolae_shop_temple_entry_statues_fountains,
          minmay_misc_feat_enclosed, corexii_hall_statues_t,
          minmay_tree_intersection
D:2:      layout_loops_ring, ebering_ecumenical_altar_webs
D:3:      layout_basic, trog_book, nicolae_eternal_life,
          minmay_misc_feat_more_columns
D:4:      minmay_polygon_palace, layout_basic, nicolae_ashenzari_panopticon

Action                     || total
---------------------------++-------
  Melee: Short sword       ||    11
 Armour: Robe              ||     6
  Dodge: Dodged            ||    13

Table legend: (Time is in decaauts)
 A = Elapsed time spent in this place.
 B = Non-inter-level travel time spent in this place.
 C = Inter-level travel time spent in this place.
 D = Time resting spent in this place.
 E = Time spent auto-exploring this place.
 F = Levels seen in this place.
 G = Mean time per level.
                   A        B        C        D        E       F      G
               +--------+--------+--------+--------+--------+-----+--------+
         Total |    246 |    246 |      0 |      0 |     90 |   4 |   61.5 |
       Dungeon |    246 |    246 |      0 |      0 |     90 |   4 |   61.5 |
               +--------+--------+--------+--------+--------+-----+--------+

Top non-repeatable levels by time:
     D:3: 148 daAuts
     D:1: 41 daAuts
     D:2: 31 daAuts
     D:4: 26 daAuts
